 Dungeon Crawl Stone Soup version 0.30-a0-779-g7971cf19c3 (webtiles) character file.

Game seed: 7445091723654671830

707 Leeroy the Sneak (level 7, -1/34 HPs)
             Began as a Vine Stalker Warper on Feb 17, 2023.
             Was an Initiate of Wu Jian.
             Slain by a gnoll
             ... wielding a +0 halberd
             ... led by a gnoll bouda
              (9 damage)
             ... on level 7 of the Dungeon.
             The game lasted 00:03:51 (4933 turns).

Leeroy the Sneak (Vine Stalker Warper)              Turns: 4933, Time: 00:03:51

Health: -1/34      AC:  4    Str: 13    XL:     7   Next: 67%
Magic:  0/20       EV: 11    Int: 13    God:    Wu Jian [......]
Gold:   209        SH:  0    Dex: 16    Spells: 10/10 levels left

rFire   . . .      SeeInvis .    q - +1 short sword (venom)
rCold   . . .      Faith    .    (no shield)
rNeg    . . .      Spirit   +    b - +0 leather armour
rPois   .          Reflect  .    (no helmet)
rElec   .          Harm     .    (no cloak)
rCorr   .          Rampage  .    e - +0 pair of gloves
Will    .....                    (no boots)
Stlth   ++++                     (no amulet)
HPRegen 1.05/turn                g - ring of magical power
MPRegen 0.17/turn                (no ring)

@: no status effects
A: fangs 2, regeneration 1, magic shield, antimagic bite, no potion heal 2
a: Renounce Religion


You were on level 7 of the Dungeon.
You worshipped Wu Jian.
Wu Jian was noncommittal.
You visited 2 branches of the dungeon, and saw 8 of its levels.

You collected 209 gold pieces.

Inventory:

Hand Weapons
 a - a +0 falchion
 o - a +0 dagger of electrocution
 q - a +1 short sword of venom (weapon)
 A - a +0 rapier
Missiles
 d - 7 boomerangs of dispersal (quivered)
 f - 4 atropa-tipped darts
 v - 2 boomerangs
 C - 3 javelins
Armour
 b - a +0 leather armour (worn)
 e - a +0 pair of gloves (worn)
Magical Staves
 B - a staff of poison
Jewellery
 g - a ring of magical power (left hand)
 u - a ring of protection from cold
Wands
 w - a wand of roots (21)
Scrolls
 c - a scroll of blinking
 i - 2 scrolls of teleportation {unknown}
 j - 9 scrolls of identify {unknown}
 k - a scroll of enchant armour {unknown}
 m - 3 scrolls of fog {unknown}
 r - 2 scrolls of enchant weapon {unknown}
 s - 2 scrolls of vulnerability {unknown}
 t - a scroll of magic mapping {unknown}
 y - a scroll of amnesia {unknown}
Potions
 h - 5 potions of curing {unknown}
 l - 3 potions of mutation {unknown}
 n - 3 potions of berserk rage {unknown}
 p - 2 potions of flight {unknown}
 x - a potion of cancellation {unknown}
 z - 2 potions of heal wounds {unknown}


   Skills:
 - Level 1.7 Fighting
 * Level 5.4 Long Blades
 - Level 0.8 Throwing
 - Level 0.7 Armour
 - Level 1.5 Dodging
 * Level 7.5 Stealth
 - Level 2.1 Spellcasting
 - Level 3.0 Translocations


You had 10 spell levels left.
You didn't know any spells.
Your spell library contained the following spells:

 Spells                   Type           Power      Damage    Failure   Level
 Blink                    Tloc           18%        N/A       14%         2
 Lesser Beckoning         Tloc           18%        N/A       14%         2
 Teleport Other           Tloc           9%         N/A       28%         3
 Foxfire                  Conj/Fire      4%         2x1d4     32%         1
 Portal Projectile        Hex/Tloc       10%        N/A       45%         3
 Vhi's Electric Charge    Tloc/Air       10%        N/A       45%         3
 Tukima's Dance           Hex            1%         N/A       67%         3
 Manifold Assault         Tloc           9%         N/A       67%         4
 Blade Hands              Tmut           0%         N/A       100%        5
 Fireball                 Conj/Fire      0%         3d3       100%        5
 Starburst                Conj/Fire      0%         6d3       100%        6


Dungeon Overview and Level Annotations

Branches:
Dungeon (6/15)             Temple (1/1) D:4

Altars:
Ashenzari
Dithmenos
Fedhas
Gozag
Hepliaklqana
Kikubaaqudgha
Makhleb
Okawaru
Qazlal
Ru
Trog
Uskayaw
Vehumet
Wu Jian
Xom
Zin

Shops:
D:4 (


Innate Abilities, Weirdness & Mutations

You have extremely sharp teeth.
Your natural rate of healing is unusually fast.
When hurt, damage is shared between your health and your magic reserves.
Your bite disrupts and absorbs the magic of your enemies.
Potions cannot restore your health.


Message History

The gnoll is severely wounded.
The gnoll hits you from afar with a +0 halberd.
The gnoll barely misses you.
You barely miss the gnoll.
The gnoll is severely wounded.
The gnoll barely misses you. The gnoll hits you with a +0 halberd.
You are too injured to fight recklessly!
You are too injured to fight recklessly!
You are too injured to fight recklessly!
You barely miss the gnoll. Your bite misses the gnoll.
The gnoll is almost dead.
The gnoll hits you but does no damage. The gnoll misses you.
You barely miss the gnoll.
The gnoll is almost dead.
The gnoll hits you from afar with a +0 halberd!
The gnoll hits you with a +0 halberd.
* * * LOW HITPOINT WARNING * * *
You hit the gnoll.
You kill the gnoll!
The Council accepts your kill.
The gnoll hits you from afar with a +0 halberd!
* * * LOW HITPOINT WARNING * * *
Things that are here:
a +0 trident; a +0 scale mail; an orc corpse A gnoll comes into view.
It is wielding a +0 halberd.
You lunge at the gnoll.
You hit the gnoll.
The gnoll is poisoned.
You punch the gnoll. Your bite misses the gnoll.
The gnoll is moderately wounded.
The gnoll hits you with a +0 halberd.
* * * LOW HITPOINT WARNING * * *
Things that are here:
a +0 trident; a +0 scale mail; an orc corpse You hit the gnoll but do no damage.
The gnoll looks as sick as possible!
You bite the gnoll, but do no damage.
The gnoll is moderately wounded.
You hit the gnoll but do no damage.
The gnoll looks as sick as possible!
Your bite misses the gnoll.
The gnoll is heavily wounded.
The gnoll hits you with a +0 halberd!
You die...

# # .##
###.#######.g
#....).#.... #g#..#
#@#..## #.....##
##### ##...#.# #...
......##..#####.###
.####.##..##......#
#...).)[...##.#.#
#.#.##..#####.# ..
#.. #..# #.# #..
#.#. #.!# #.# .


You could see a gnoll (extremely poisoned).

Vanquished Creatures
  2 ogres (D:5)
  2 scorpions (D:5)
  A necrophage (D:6)
  An orc priest (D:4)
  A gnoll bouda (D:4)
  2 hounds (D:5)
  An iguana (D:5)
  7 adders
  5 gnolls
  A white imp (D:7)
  2 worms (D:3)
  2 dart slugs
  8 orcs
  6 bats
  11 endoplasms
  6 goblins
  7 hobgoblins
  2 jackals (D:1)
  2 quokkas
  7 ball pythons
  6 frilled lizards
  8 kobolds
  8 rats
98 creatures vanquished.

Vanquished Creatures (others)
  A plant (D:5)
1 creature vanquished.

Grand Total: 99 creatures vanquished

Notes
Turn   | Place    | Note
-------+----------+-------------------------------------------
     0 | D:1      | Leeroy the Vine Stalker Warper began the quest for the Orb.
     0 | D:1      | Reached XP level 1. HP: 11/11 MP: 4/4
    42 | D:1      | Reached skill level 1 in Stealth
    90 | D:1      | Reached XP level 2. HP: 13/15 MP: 4/6
   343 | D:1      | Reached skill level 2 in Stealth
   505 | D:1      | Reached XP level 3. HP: 18/18 MP: 7/7
  1216 | D:2      | Gained mutation: Your natural rate of healing is unusually
                  | fast. [Vine Stalker growth]
  1216 | D:2      | Reached XP level 4. HP: 23/23 MP: 8/8
  1481 | D:2      | Reached skill level 3 in Stealth
  1848 | D:3      | Found a shadowy altar of Dithmenos.
  2295 | D:3      | Found a faded altar of an unknown god.
  2881 | D:4      | Found Eqaunuopt's Weapon Shoppe.
  2915 | D:4      | Reached XP level 5. HP: 26/26 MP: 9/9
  3138 | D:4      | Reached skill level 4 in Stealth
  3410 | D:4      | Found a staircase to the Ecumenical Temple.
  3684 | Temple   | Entered the Ecumenical Temple
  3706 | Temple   | Became a worshipper of the Wu Jian Council
  3779 | D:5      | Entered Level 5 of the Dungeon
  3991 | D:5      | Reached skill level 5 in Stealth
  3991 | D:5      | Reached XP level 6. HP: 30/30 MP: 10/10
  4078 | D:5      | Found a stormy altar of Qazlal.
  4152 | D:5      | Reached skill level 6 in Stealth
  4152 | D:5      | Reached XP level 7. HP: 30/34 MP: 11/11
  4218 | D:5      | Found a hazy altar of Hepliaklqana.
  4234 | D:5      | Reached skill level 5 in Long Blades
  4392 | D:5      | Found a bloodstained altar of Trog.
  4597 | D:5      | Reached skill level 7 in Stealth
  4893 | D:6      | You fall into a shaft and drop 1 floor!
  4933 | D:7      | Slain by a gnoll

Illustrated notes

Levels and vault maps discovered:
D:1:      lemuel_arrival_muddy, layout_basic, ebering_dispersal_statue_hall
D:2:      layout_loops_ring, lightli_corner_chamber
D:3:      layout_loops_corners, grunt_dithmenos_smoke,
          shapermc_ecumenical_altar_notcrosses, kennysheep_generic_room_15
D:4:      layout_loops_cross, temple_doors_cd, serial_shops,
          kennysheep_little_box, serial_bayou_lake_a
D:5:      nicolae_cairo_tiling, layout_basic, overflow_temple_1_default,
          mainiacjoe_overflow_catwalk_spiral, serial_bayou, serial_bayou_pond_b,
          serial_bayou_ford_a, serial_bayou_pond_e, serial_bayou_crossing
D:6:      layout_basic, kennysheep_flooded_box, uniq_menkaure
D:7:      layout_loops_ring, nemelex_spade_bored_becter, uniq_pikel
Temple:   hellmonk_temple_two_chambers

Skill      XL: |  1  2  3  4  5  6  7 |
---------------+----------------------+-----
Stealth        | 1 2 3 5 6 7 |  7.5
Long Blades    | 2 3 4 5 |  5.4
Fighting       | |  1.7
Throwing       | |  0.8
Armour         | |  0.7
Dodging        | |  1.5
Spellcasting   | |  2.1
Translocations | |  3.0

Action                     |  1- 3 |  4- 6 |  7- 9 || total
---------------------------+-------+-------+-------++-------
  Melee: Falchion          |    51 |       |       ||    51
         Bite              |    11 |    32 |    22 ||    65
         Dagger            |    33 |       |       ||    33
         Punch             |     1 |     2 |     1 ||     4
         Short sword       |       |   130 |    69 ||   199
Ability: Lunge             |       |       |    10 ||    10
   Stab: Sleeping          |     4 |    10 |     2 ||    16
 Armour: Leather armour    |    18 |    24 |     8 ||    50
  Dodge: Dodged            |    45 |    56 |    25 ||   126

Table legend: (Time is in decaauts)
 A = Elapsed time spent in this place.
 B = Non-inter-level travel time spent in this place.
 C = Inter-level travel time spent in this place.
 D = Time resting spent in this place.
 E = Time spent auto-exploring this place.
 F = Levels seen in this place.
 G = Mean time per level.
                   A        B        C        D        E       F      G
               +--------+--------+--------+--------+--------+-----+--------+
         Total |   4976 |   4754 |    222 |    230 |   3755 |   8 |  622.0 |
       Dungeon |   4947 |   4725 |    222 |    230 |   3745 |   7 |  706.7 |
        Temple |     28 |     28 |      0 |      0 |     10 |   1 |   28.0 |
               +--------+--------+--------+--------+--------+-----+--------+

Top non-repeatable levels by time:
     D:3: 1119 daAuts
     D:5: 1022 daAuts
     D:1: 1011 daAuts
     D:4: 894 daAuts
     D:2: 758 daAuts
     D:6: 103 daAuts
     D:7: 36 daAuts
  Temple: 28 daAuts
